 Dungeon Crawl Stone Soup version 0.25-a0-697-g890751e744 (webtiles) character file.

Game seed: 2356182308672424179, levelgen mode: deterministic

498 Ashen the Chopper (level 7, -3/61 HPs)
             Began as a Hill Orc Monk on Apr 1, 2020.
             Slain by Duvessa
             ... wielding a +0 rapier
              (7 damage)
             ... on level 4 of the Dungeon.
             The game lasted 00:09:44 (2810 turns).

Ashen the Chopper (Hill Orc Monk)                   Turns: 2810, Time: 00:09:45

Health: -3/61      AC:  4    Str: 14    XL:     7   Next: 16%
Magic:  7/7        EV: 14    Int: 10    God:
Gold:   180        SH:  0    Dex: 15    Spells: 6/6 levels left

rFire    . . .     SeeInvis .   h - +3 dagger (venom)
rCold    . . .     Gourm    .   (no shield)
rNeg     . . .     Faith    .   b - +1 robe
rPois    .         Spirit   .   (no helmet)
rElec    .         Reflect  .   j - +0 cloak (curse)
rCorr    .         Harm     .   (no gloves)
MR       .....                  (no boots)
Stlth    +++.......             (no amulet)
HPRegen  0.20/turn              d - ring of stealth
MPRegen  0.10/turn              l - +3 ring of slaying

@: lethally poisoned (-3 -> -4)
A: no striking features
a: no special abilities


You were on level 4 of the Dungeon.
You were not hungry.

You visited 1 branch of the dungeon, and saw 4 of its levels.
You also visited: Sewer.

You collected 180 gold pieces.

Inventory:

Hand Weapons
 a - a +0 hand axe
 f - a +2 scythe of holy wrath
 h - a +3 dagger of venom (weapon)
Missiles
 u - 6 atropa-tipped darts (quivered)
Armour
 b - a +1 robe (worn)
 j - a cursed +0 cloak (worn)
 p - a +0 chain mail
 r - a +0 buckler
Jewellery
 d - a ring of stealth (left hand)
 l - a +3 ring of slaying (right hand)
 n - a cursed -2 ring of intelligence {unknown}
Scrolls
 i - 2 scrolls of fog {unknown}
 k - 2 scrolls of enchant armour
 m - 2 scrolls of teleportation
 o - a scroll of remove curse
 v - a scroll of blinking {unknown}
Potions
 e - 2 potions of curing
 s - a potion of magic {unknown}
 t - a potion of resistance {unknown}
Comestibles
 c - 3 rations


   Skills:
 + Level 5.5 Fighting
 + Level 5.9 Axes
 + Level 3.2 Armour
 + Level 3.6 Dodging
 - Level 3.0 Stealth


You had 6 spell levels left.
You didn't know any spells.
Your spell library contained the following spells:

 Spells                   Type           Power        Failure   Level  Hunger
 Infusion                 Chrm           #...         36%         1    ##.....
 Shroud of Golubria       Chrm/Tloc      #.....       50%         2    ###....
 Song of Slaying          Chrm           #.......     50%         2    ###....
 Ozocubu's Armour         Chrm/Ice       #.......     75%         3    ####...
 Spectral Weapon          Hex/Chrm       #.......     75%         3    ####...
 Chain Lightning          Conj/Air       #.........   100%        8    #######
 Lehudib's Crystal Spear  Conj/Erth      #.........   100%        8    #######
 Absolute Zero            Ice            #.........   100%        9    #######
 Fire Storm               Conj/Fire      #.........   100%        9    #######


Dungeon Overview and Level Annotations

Branches:
Dungeon (4/15)              Sewer (visited)
 Temple: D:4-7

Altars:
Fedhas
Gozag
Hepliaklqana

Annotations:
D:4 Duvessa


Message History

It was a potion of heal wounds.
You feel much better. The adder misses you. Duvessa closely misses you.
The adder misses you.
You puncture Duvessa!
Duvessa looks as sick as possible!
Duvessa is moderately wounded.
The hound bites you. Duvessa closely misses you. The adder bites you.
The hound closely misses you.
You closely miss the adder. Duvessa hits you with a +0 rapier!
* * * LOW HITPOINT WARNING * * *
The adder bites you.
* * * LOW HITPOINT WARNING * * *
The hound completely misses you. Duvessa hits you with a +0 rapier.
* * * LOW HITPOINT WARNING * * *
The hound bites you.
* * * LOW HITPOINT WARNING * * *
The adder bites you.
* * * LOW HITPOINT WARNING * * *
You are poisoned.
The adder poisons you! The hound misses you. The adder closely misses you.
You feel sick. The hound barely misses you. Duvessa hits you with a +0 rapier!
You die...

*,,*** ##......##.## # ,,,*****
##.......#*..# ##
,,,,,,,**###........###.## ##.
,,,,,,,,,...........##...# ##..
*,,,,,,,,................#####...
*,,,,,,,,.................##.....
,,,,,,,,,..........######.....#..
,,,,,,,,,......She.# ###..###.
*,,,,,,,,......)@.## #.## #.
**,,,,,,,........## ##.* #.
*,,,*,,,,........# *.# ##
,,***,,,,.......## *.# #
,****,,,,.......* *.## **
*,,,,,......#* *#[# *
***,,,......* #.# ***,.##...***
##.### * *****,,,,,** ##.....


You could see Duvessa (berserk), a hound and an adder.

Vanquished Creatures
  Sigmund (D:4)
  2 bullfrogs (Sewer)
  Dowan (D:4)
  A gnoll (D:1)
  4 adders (D:2)
  6 worms
  3 dart slugs (D:1)
  6 leopard geckos
  2 orcs (D:4)
  11 giant cockroaches
  6 goblins
  8 hobgoblins
  5 kobolds
  A quokka (D:3)
  3 ball pythons (Sewer)
  10 bats
  13 frilled lizards
  9 rats
92 creatures vanquished.

Vanquished Creatures (others)
  A frilled lizard (D:1)
1 creature vanquished.

Grand Total: 93 creatures vanquished

Notes
Turn   | Place    | Note
-------+----------+-------------------------------------------
     0 | D:1      | Ashen the Hill Orc Monk began the quest for the Orb.
     0 | D:1      | Reached XP level 1. HP: 19/19 MP: 1/1
    22 | D:1      | Reached XP level 2. HP: 14/27 MP: 2/2
    33 | D:1      | HP: 1/27 [leopard gecko (5)]
   546 | D:1      | Reached XP level 3. HP: 33/33 MP: 3/3
  1116 | D:2      | Reached XP level 4. HP: 25/40 MP: 4/4
  1295 | D:2      | Reached skill level 1 in Armour
  1330 | D:2      | Found an opulent altar of Gozag,
  1616 | D:2      | Found a hazy altar of Hepliaklqana,
  1870 | D:3      | Found a blossoming altar of Fedhas,
  1888 | D:3      | Reached XP level 5. HP: 47/47 MP: 5/5
  2255 | D:4      | Noticed Sigmund
  2269 | D:4      | Killed Sigmund
  2269 | D:4      | Reached skill level 5 in Fighting
  2269 | D:4      | Reached skill level 5 in Axes
  2269 | D:4      | Reached XP level 6. HP: 55/56 MP: 6/6
  2316 | D:4      | Found a glowing drain,
  2327 | Sewer    | Entered a sewer
  2554 | Sewer    | Reached XP level 7. HP: 48/61 MP: 7/7
  2792 | D:4      | Noticed Duvessa
  2793 | D:4      | Noticed Dowan
  2801 | D:4      | Killed Dowan
  2810 | D:4      | Slain by Duvessa

Levels and vault maps discovered:
D:1:      lightli_arrival_statue_moat, layout_basic
D:2:      layout_rooms, marbit_many_paths, grunt_gozag_statues
D:3:      layout_rooms, fedhas_altar_2
D:4:      layout_cave_pods, cheibrodos_sewer_entry_drain, enter_ossuary_5,
          uniq_duvessa, uniq_sigmund

Skill      XL: |  1  2  3  4  5  6 |
---------------+-------------------+-----
Stealth        | 2 3 |  3.0
Fighting       | 4 5 |  5.5
Armour         | 1 2 3 |  3.2
Axes           | 5 |  5.9
Dodging        | 3 |  3.6

Action                   |  1- 3 |  4- 6 |  7- 9 || total
-------------------------+-------+-------+-------++-------
Melee: Hand axe          |    49 |       |       ||    49
       Dagger            |    36 |   140 |     9 ||   185
  Use: Scroll            |     1 |     6 |       ||     7
       Potion            |       |       |     1 ||     1
 Stab: Sleeping          |       |    14 |       ||    14
  Eat: Chunk             |     1 |     4 |     1 ||     6
Armor: Robe              |    17 |    19 |     1 ||    37
Dodge: Dodged            |    71 |    79 |    16 ||   166

Table legend:
 A = Non-vault XP
 B = Vault XP
 C = Vault XP percentage of total XP
 D = Non-vault monster count
 E = Vault monster count
 F = Vault count percentage of total count
                 A         B        C        D         E       F
            +---------+---------+-------+---------+---------+-------
      Total |     202 |     510 |  71.6 |      70 |      23 |  24.7
            +---------+---------+-------+---------+---------+-------
        D:1 |      59 |       0 |   0.0 |      23 |       0 |   0.0
        D:2 |      92 |       2 |   2.1 |      23 |       1 |   4.2
        D:3 |      43 |       0 |   0.0 |      21 |       0 |   0.0
        D:4 |       8 |     303 |  97.4 |       3 |       4 |  57.1
      Sewer |       0 |     205 | 100.0 |       0 |      18 | 100.0
            +---------+---------+-------+---------+---------+-------
